 Dungeon Crawl Stone Soup version 0.19.0-2-gae57169 (webtiles) character file.

211891 letownia the Brawler (level 18, -14/170 HPs)
             Began as a Troll Wizard on Nov 5, 2016.
             Was the Champion of Okawaru.
             Killed by the air
             ... invoked by Qyven the Cloud Mage
              (63 damage)
             ... in a wizard's laboratory.
             The game lasted 02:05:41 (32736 turns).

letownia the Brawler (Troll Wizard)                Turns: 32736, Time: 02:05:41

Health: -14/170    AC: 20    Str: 27    XL:     18   Next: 22%
Magic:  14/26      EV: 10    Int: 22    God:    Okawaru [******]
Gold:   3205       SH: 16    Dex:  8    Spells: 11 memorised, 2 levels left

rFire  . . .     SeeInvis +       - Unarmed
rCold  . . .     Gourm    +     q - quicksilver dragon scales
rNeg   . . .     Faith    .     T - +0 shield {reflect}
rPois  +         Spirit   .     E - +1 hat {MR+}
rElec  .         Reflect  +     a - +2 cloak of the Thief {+Fog Slay-2 SInv Stlth+}
rCorr  .         Harm     .     (gloves unavailable)
MR     +++..                    (boots unavailable)
Stlth  ++........               W - +4 amulet of reflection
                                m - +5 ring of intelligence
                                t - +4 ring of strength

@: about to teleport, flying (expiring), very slightly contaminated, repel
missiles
A: unfitting armour, claws 3, fast metabolism 3, gourmand, poison resistance,
regeneration 1, shaggy fur 1, tough skin 2
a: Heroism, Finesse, Renounce Religion, Evoke Fog
}: 1/15 runes: serpentine


You were in a wizard's laboratory.
You worshipped Okawaru.
Okawaru was exalted by your worship.
You were very full.

You visited 6 branches of the dungeon, and saw 29 of its levels.
You also visited: Labyrinth, Volcano and Wizlab.

You collected 3205 gold pieces.

Inventory:

Hand Weapons
 b - the +7 falchion "Zunyqyav" {flame, rElec Str+4 Int+6 Dex-3}
   (You found it in a volcano)

   It has been specially enchanted to burn those struck by it, causing extra
   injury to most foes and up to half again as much damage against particularly
   susceptible opponents.
   Big, fiery blades are also staple armaments of hydra-hunters.
   It affects your strength (+4).
   It affects your intelligence (+6).
   It affects your dexterity (-3).
   It insulates you from electricity.
 c - a +1 blowgun
Missiles
 n - 16 large rocks (quivered)
 p - 3 curare-tipped needles
 v - a throwing net
Armour
 a - the +2 cloak of the Thief (worn) {+Fog Slay-2 SInv Stlth+}
   (You found it on level 6 of the Lair of Beasts)

   It affects your accuracy and damage with ranged weapons and melee attacks
   (-2).
   It lets you see invisible.
   It can be evoked to emit clouds of fog.
   It makes you more stealthy.
 q - quicksilver dragon scales (worn)
 w - the +2 fire dragon scales "Dimpo" {rF++ rC- rN+ SInv}
   (Okawaru gifted it to you on level 2 of the Snake Pit)

   It greatly protects you from fire.
   It makes you vulnerable to cold.
   It protects you from negative energy.
   It lets you see invisible.
 E - a +1 hat of magic resistance (worn)
 T - a +0 shield of reflection (worn)
Jewellery
 g - an uncursed ring of ice
 m - a +5 ring of intelligence (right claw)
 o - an uncursed ring of fire
 t - a +4 ring of strength (left claw)
 H - an uncursed ring of positive energy
 V - an uncursed amulet of regeneration
 W - a +4 amulet of reflection (around neck)
Wands
 j - a wand of lightning (7/15)
 M - a wand of iceblast (5/15)
 S - a wand of digging (6/24)
 U - a wand of teleportation (6/9)
 Z - a wand of acid (8/15)
Scrolls
 f - 2 scrolls of identify
 s - 13 scrolls of remove curse
 y - 4 scrolls of immolation
 B - 3 scrolls of fog
 C - a scroll of blinking
 I - a scroll of silence
 Q - a scroll of recharging
 X - a scroll of fear {unknown}
Potions
 d - a potion of magic
 h - 12 potions of curing
 i - 3 potions of might
 k - 7 potions of brilliance
 r - 4 potions of heal wounds
 x - 2 potions of resistance
 A - 2 potions of invisibility
 D - 2 potions of haste
 F - a potion of berserk rage
 K - 8 potions of flight
 N - 5 potions of agility
 O - a potion of ambrosia
 R - 3 potions of lignification
Miscellaneous
 G - a sack of spiders
Comestibles
 l - 23 bread rations


   Skills:
 - Level 8.8 Fighting
 - Level 9.0 Armour
 - Level 3.3 Dodging
 - Level 1.0 Stealth
 + Level 10.9 Shields
 - Level 19.8 Unarmed Combat
 - Level 6.2 Spellcasting
 - Level 4.0 Conjurations
 - Level 2.4 Hexes
 - Level 2.2 Charms
 - Level 2.7 Summonings
 - Level 2.4 Necromancy
 - Level 2.4 Translocations
 - Level 5.1 Transmutations
 - Level 2.3 Fire Magic
 - Level 2.0 Air Magic
 - Level 3.8 Earth Magic
 - Level 3.5 Poison Magic
 - Level 3.6 Invocations
 - Level 3.0 Evocations


You had 2 spell levels left.
You knew the following spells:

 Your Spells              Type           Power        Failure   Level  Hunger
a - Magic Dart            Conj           ###.         2%          1    None
b - Blink                 Tloc           N/A          10%         2    None
c - Conjure Flame         Conj/Fire      ###.....     12%         3    #......
d - Confusing Touch       Hex            ###...       6%          1    None
e - Mephitic Cloud        Conj/Pois/Air  ###.....     12%         3    #......
g - Regeneration          Chrm/Necr      ###.......   17%         3    #......
i - Ice Form              Ice/Tmut       ###.....     43%         4    ###....
k - Animate Skeleton      Necr           N/A          4%          1    None
r - Repel Missiles        Chrm/Air       ###...       10%         2    None
u - Statue Form           Tmut/Erth      ####.....    100%        6    ######.
z - Summon Butterflies    Summ           ###.....     4%          1    None


Dungeon Overview and Level Annotations

Branches:
Dungeon (15/15)            Temple (1/1) D:5            Lair (6/6) D:8
 Shoals (0/4) Lair:4        Snake (4/4) Lair:3        Slime (0/5) Lair:6
    Orc (2/2) D:12            Elf (1/3) Orc:2        Vaults (0/5) D:13
 Depths (0/5) D:15

Altars:
Ashenzari
Cheibriados
Dithmenos
Elyvilon
Fedhas
Gozag
Hepliaklqana
Kikubaaqudgha
Makhleb
Nemelex Xobeh
Okawaru
Qazlal
Ru
Sif Muna
Trog
Uskayaw
Vehumet
Xom
Yredelemnul
Zin
The Shining One
Beogh
Jiyva

Shops:
D:4 [   D:5 %   D:6 *   D:8 }   Orc:2 !![(


Innate Abilities, Weirdness & Mutations

You are too large for most types of armour.
You have claws for hands.
Your metabolism is lightning-fast.
You like to eat raw meat.
Your natural rate of healing is unusually fast.
You are covered in fur. (AC +1)
You have very tough skin. (AC +2)
Your system is resistant to poisons. (rPois)


Message History

Qyven waves her arms in wide circles.
The air twists around and violently strikes you in flight!
Unknown command.
Casting: Mephitic Cloud
Confirm with . or Enter, or press ? or * to list all spells.
You blink.
The wind drake seems less confused.
The wind drake exhales a fierce blast of wind!
You are blown backwards!
Qyven is engulfed in noxious fumes.
Unknown command.
Unknown command.
Okay, then.
Evoke which item? (* to show all) (? for menu, Esc to quit)
Zapping:
U - a wand of teleportation (7/9)
Press: ? - help, Shift-Dir - straight line, f - you, p - Qyven You feel strangely unstable.
This wand has 6 charges left.
* * * LOW HITPOINT WARNING * * *
Qyven is engulfed in noxious fumes.
Qyven waves her arms in wide circles.
The air twists around and violently strikes you in flight!
You die...

§§§§§§≈≈≈▓▓▓...................
≈≈≈≈§≈≈▓▓▓...≈≈≈≈≈≈≈≈≈≈≈≈≈≈≈≈≈≈
≈≈≈≈≈§§▓▓...≈≈≈#################
≈≈≈≈≈≈≈▓..≈≈≈≈≈########### #
≈≈≈≈≈≈▓▓.≈≈≈≈≈≈##§§#§.#..#..#§
≈≈≈≈≈≈▓..≈≈≈≈≈≈#§§§§k§§....§.§
≈≈≈≈≈▓▓.≈≈≈≈≈≈≈#k§§.§§§.......
≈≈≈≈≈▓..≈≈≈≈≈≈≈#§§§§§§§.......
≈≈≈≈≈▓.........@§§@§§§k§(....§
≈≈≈≈≈▓..≈≈≈≈≈≈§#§§§§§§§§......
≈≈≈≈≈▓▓.≈≈≈≈≈≈≈#§§§§§§§......§
≈≈≈≈≈≈▓..≈≈≈≈≈≈#§§§§§§§......§
≈≈≈≈≈≈▓▓.≈≈≈≈≈≈##§§#§§#..#..#.
≈≈≈≈≈≈≈▓..[≈≈≈≈########### #
≈≈≈≈≈≈≈▓▓...≈≈≈#################
≈≈≈≈≈≈≈≈▓▓▓...≈≈≈≈≈≈≈≈≈≈≈≈≈≈≈≈≈≈
≈≈≈≈≈≈≈≈≈≈▓▓▓...................


You could see Qyven the Cloud Mage and a wind drake.

Vanquished Creatures
  Rupert (Orc:2)
  Frances (Snake:1)
  Agnes (D:15)
  6 nagarajas
  Roxanne (Snake:1)
  Donald (Snake:1)
  3 orc warlords
  Aizul (Snake:3)
  Nessos (D:15)
  A dire elephant (Lair:6)
  A red draconian (Volcano)
  The ghost of Patchouli the Thaumaturge, a journeyman DEFE of Sif Muna (Lair:6)
  An ettin (Orc:2)
  A minotaur (Lab)
  Snorg (Lair:5)
  Josephine (D:12)
  The ghost of blejac99 the Prestidigitator, a journeyman DDAr of Nemelex Xobeh (D:12)
  A vault guard (D:13)
  2 ice dragons (D:15)
  7 hydras
  17 naga warriors
  2 catoblepae
  A merfolk avatar (Lair:6)
  2 spriggan air magi (WizLab)
  6 centaur warriors
  23 anacondas
  5 death yaks
  An ogre mage (D:15)
  A tengu warrior (D:15)
  17 naga sharpshooters
  An orc high priest (Orc:2)
  Urug (D:14)
  A deep elf knight (D:13)
  8 shock serpents
  9 salamander mystics
  A deep troll (shapeshifter) (D:15)
  An unseen horror (D:10)
  4 wizards
  A sea snake (Lair:6)
  11 naga ritualists
  3 orc knights
  A necromancer (D:13)
  Pikel (D:6)
  The ghost of baghtru the Skirmisher, a novice HOFi of the Shining One (D:6)
  A deep elf mage (Elf:1)
  A hill giant (D:10)
  19 mana vipers
  4 lindwurms (Snake:4)
  4 orc sorcerers
  3 ugly things (D:13)
  A manticore (Lair:4)
  3 cyclopes
  17 salamanders
  9 elephants (Lair:6)
  9 guardian serpents
  3 centaur zombies
  39 black mambas
  26 naga magi
  7 gargoyles
  2 molten gargoyles (Volcano)
  A yaktaur (Volcano)
  13 spiny frogs
  4 rime drakes
  11 komodo dragons
  A tengu conjurer (D:15)
  2 polar bears (Lair:6)
  4 two-headed ogres
  8 trolls
  11 wind drakes
  3 hornets (Lair:6)
  Prince Ribbit (D:6)
  4 hippogriffs
  11 blink frogs
  4 slime creatures (D:15)
  28 air elementals (WizLab)
  32 yaks
  3 shadows
  5 wyverns
  A basilisk (Lair:1)
  2 fire bats (Volcano)
  18 humans
  4 wraiths
  3 hungry ghosts
  3 steam dragons
  4 wargs
  2 mottled dragons
  54 nagas
  13 insubstantial wisps (WizLab)
  Edmund (D:5)
  8 porcupines
  23 water moccasins
  44 orc warriors
  2 swamp drakes (Lair:4)
  4 slaves (D:6)
  2 black bears
  2 ice beasts
  5 sky beasts
  An eye of draining (D:12)
  4 phantoms
  A necrophage (D:8)
  10 ogres
  12 wolves (Lair:2)
  A crocodile (shapeshifter) (D:14)
  24 centaurs
  14 crocodiles
  2 big kobolds
  20 bullfrogs
  3 wyvern zombies
  3 scorpions
  3 killer bees (D:13)
  9 wights
  A howler monkey (D:5)
  8 crimson imps
  2 bullfrog zombies
  6 lava snakes (Volcano)
  4 centaur skeletons
  5 hounds
  19 orc priests
  3 bullfrog skeletons
  10 jellies
  39 orc wizards
  Jessica (D:2)
  2 iguanas
  7 worker ants
  A hound skeleton (D:4)
  3 gnolls (Orc:1)
  10 adders
  A howler monkey skeleton (D:4)
  4 river rats (D:8)
  9 shadow imps
  6 oozes
  An adder skeleton (D:6)
  3 worms
  2 dart slugs
  4 leopard geckos
  119 orcs
  7 giant cockroaches
  8 goblins
  11 hobgoblins
  6 jackals
  4 quokkas
  A ball python skeleton (D:5)
  10 bats
  2 frilled lizards
  A jackal zombie (D:5)
  15 kobolds
  A leopard gecko skeleton (D:9)
  12 rats
  A fungus (Lair:1)
1098 creatures vanquished.

Vanquished Creatures (others)
  2 naga sharpshooters
  A spiny frog (Lair:6)
  A naga (Snake:2)
  A sky beast (D:9)
  An orc warrior (Orc:2)
  3 centaurs
  A scorpion (D:9)
  2 wights (D:9)
  An orc wizard (Orc:1)
  2 orcs
  A bush (Lair:2)
  8 fungi
  11 plants
35 creatures vanquished.

Grand Total: 1133 creatures vanquished

Notes
Turn   | Place    | Note
-------+----------+-------------------------------------------
     0 | D:1      | letownia the Troll Wizard began the quest for the Orb.
     0 | D:1      | Reached XP level 1. HP: 16/16 MP: 2/2
   245 | D:1      | Reached skill level 1 in Unarmed Combat
   573 | D:2      | Reached XP level 2. HP: 22/24 MP: 4/4
   605 | D:2      | Learned a level 2 spell: Blink
   608 | D:2      | Learned a level 2 spell: Repel Missiles
   611 | D:2      | Reached skill level 2 in Unarmed Combat
   834 | D:2      | Noticed Jessica
   837 | D:2      | Killed Jessica
   837 | D:2      | Reached skill level 3 in Unarmed Combat
   837 | D:2      | Reached XP level 3. HP: 31/31 MP: 5/5
  1119 | D:2      | Reached XP level 4. HP: 28/39 MP: 6/6
  1480 | D:3      | Reached skill level 4 in Unarmed Combat
  1505 | D:3      | Found a shattered altar of Ashenzari.
  1968 | D:3      | Reached XP level 5. HP: 45/45 MP: 7/7
  2311 | D:4      | Found Ypedir's Armour Shoppe.
  2597 | D:4      | Reached skill level 5 in Unarmed Combat
  2659 | D:4      | Learned a level 3 spell: Mephitic Cloud
  2759 | D:4      | Reached skill level 6 in Unarmed Combat
  2759 | D:4      | Reached XP level 6. HP: 53/53 MP: 5/8
  2968 | D:4      | Reached skill level 1 in Fighting
  3274 | D:5      | Entered Level 5 of the Dungeon
  3301 | D:5      | Noticed an ice beast
  3321 | D:5      | Killed an ice beast
  3321 | D:5      | Reached XP level 7. HP: 49/63 MP: 9/9
  3350 | D:5      | Reached skill level 7 in Unarmed Combat
  3372 | D:5      | Found a staircase to the Ecumenical Temple.
  3382 | Temple   | Entered the Ecumenical Temple
  3412 | Temple   | Became a worshipper of Warmaster Okawaru
  3527 | D:5      | Found Fotiss's Food Emporium.
  3651 | D:5      | Noticed Edmund
  3673 | D:5      | Killed Edmund
  3673 | D:5      | Reached * piety under Okawaru
  3821 | D:5      | Reached skill level 8 in Unarmed Combat
  3821 | D:5      | Reached skill level 1 in Conjurations
  3821 | D:5      | Reached skill level 1 in Translocations
  3883 | D:6      | Reached XP level 8. HP: 32/74 MP: 10/10
  3976 | D:6      | Reached skill level 1 in Poison Magic
  3998 | D:6      | Reached skill level 1 in Air Magic
  3999 | D:6      | Reached ** piety under Okawaru
  4082 | D:6      | Noticed baghtru's ghost (novice HOFi)
  4253 | D:6      | Killed baghtru's ghost
  4258 | D:6      | Learned a level 3 spell: Conjure Flame
  4265 | D:6      | Found an opulent altar of Gozag.
  4405 | D:6      | Reached XP level 9. HP: 63/80 MP: 11/11
  4573 | D:6      | Noticed Pikel
  4607 | D:6      | Killed Pikel
  4607 | D:6      | Reached *** piety under Okawaru
  4607 | D:6      | Reached skill level 9 in Unarmed Combat
  4788 | D:6      | Found Gozag's Platinum Reserve.
  4974 | D:7      | Noticed Prince Ribbit
  4982 | D:6      | Killed Prince Ribbit
  5183 | D:7      | Learned a level 3 spell: Spider Form
  5222 | D:7      | Reached **** piety under Okawaru
  5631 | D:8      | Reached skill level 1 in Fire Magic
  5671 | D:8      | Reached skill level 1 in Transmutations
  5839 | D:8      | Found a staircase to the Lair.
  5931 | D:8      | Reached XP level 10. HP: 88/88 MP: 9/13
  6188 | D:8      | Found Afaxt's Gadget Emporium.
  6966 | D:9      | Reached ***** piety under Okawaru
  7022 | D:9      | Reached skill level 10 in Unarmed Combat
  7367 | D:10     | Entered Level 10 of the Dungeon
  7501 | D:10     | HP: 3/88 [something (5)]
  7507 | D:9      | HP: 3/88 [poisoned by a scorpion]
  7720 | D:10     | Noticed a hill giant
  7740 | D:10     | Killed a hill giant
  8040 | D:10     | Reached skill level 11 in Unarmed Combat
  8168 | D:10     | Killed an unseen horror
  8168 | D:10     | Received a gift from Okawaru
  8168 | D:10     | Reached XP level 11. HP: 31/96 MP: 9/14
  8365 | D:10     | Reached skill level 1 in Armour
  8910 | D:12     | Noticed Josephine
  9116 | D:12     | Reached skill level 12 in Unarmed Combat
  9219 | D:12     | Killed Josephine
  9285 | D:12     | Noticed blejac99's ghost (journeyman DDAr)
  9390 | D:12     | HP: 1/96 [blejac99's ghost (16)]
  9400 | D:12     | Killed blejac99's ghost
  9815 | D:12     | Reached skill level 5 in Armour
  9886 | D:12     | Reached ****** piety under Okawaru
 10001 | D:12     | Received a gift from Okawaru
 10014 | D:12     | Found a roughly hewn altar of Beogh.
 10014 | D:12     | Found a staircase to the Orcish Mines.
 10054 | D:12     | Reached skill level 13 in Unarmed Combat
 10116 | Orc:1    | Entered Level 1 of the Orcish Mines
 10225 | Orc:1    | Found a deep blue altar of Sif Muna.
 10274 | Orc:1    | Identified Sif Muna's Papyrus of Execration
 10364 | Orc:2    | Entered Level 2 of the Orcish Mines
 10498 | Orc:2    | Noticed an orc sorcerer
 10561 | Orc:2    | Killed an orc sorcerer
 10561 | Orc:2    | Reached XP level 12. HP: 105/105 MP: 8/15
 10568 | Orc:2    | Noticed an orc warlord
 10900 | Orc:2    | Killed an orc warlord
 11003 | Orc:2    | Found a staircase to the Elven Halls.
 11073 | Orc:2    | Noticed Rupert
 11224 | Lair:1   | Entered Level 1 of the Lair of Beasts
 11315 | D:8      | Reached skill level 14 in Unarmed Combat
 11426 | Lair:1   | Found a labyrinth entrance.
 11434 | Lab      | Entered a labyrinth
 11683 | Lab      | Noticed a minotaur
 11689 | Lab      | Identified Sif Muna's Arcane Secrets of Theurgy
 11689 | Lab      | Identified the Catalogue of Blistering Confrontation
 11694 | Lab      | Killed a minotaur
 12241 | Lair:2   | Reached skill level 15 in Unarmed Combat
 12242 | Lair:2   | Received a gift from Okawaru
 12294 | Lair:2   | Noticed a catoblepas
 12305 | Lair:2   | Killed a catoblepas
 12441 | Lair:2   | Found a dark tunnel.
 12456 | Volcano  | Entered a volcano
 12626 | Volcano  | Found a bloodstained altar of Trog.
 12626 | Volcano  | Noticed a centaur warrior
 12630 | Volcano  | Noticed a red draconian
 12646 | Volcano  | Killed a red draconian
 12670 | Volcano  | Killed a centaur warrior
 12670 | Volcano  | Reached XP level 13. HP: 24/117 MP: 2/16
 12705 | Volcano  | Got a translucent falchion
 12845 | Lair:2   | Reached skill level 16 in Unarmed Combat
 12947 | Lair:2   | Identified the +7 falchion "Zunyqyav" {flame, rElec Str+4 Int+6 Dex-3} (You found it in a volcano)
 13598 | D:12     | Learned a level 3 spell: Regeneration
 13908 | Lair:3   | Reached skill level 1 in Shields
 14457 | Lair:3   | Found a staircase to the Snake Pit.
 14625 | Lair:4   | Found a staircase to the Shoals.
 14681 | Lair:4   | Reached skill level 5 in Fighting
 14886 | Lair:4   | Found a glowing golden altar of the Shining One.
 15060 | Lair:2   | Learned a level 4 spell: Ice Form
 15413 | Lair:4   | Received a gift from Okawaru
 15891 | Lair:5   | Noticed Snorg
 15909 | Lair:5   | Reached skill level 5 in Shields
 15935 | Lair:5   | Killed Snorg
 16804 | Lair:6   | Entered Level 6 of the Lair of Beasts
 16804 | Lair:6   | Noticed Patchouli's ghost (journeyman DEFE)
 17094 | Lair:6   | Received a gift from Okawaru
 17105 | Lair:6   | Reached XP level 14. HP: 114/127 MP: 18/18
 17186 | Lair:6   | Found a viscous altar of Jiyva.
 17186 | Lair:6   | Found a staircase to the Slime Pits.
 17598 | Lair:6   | Received a gift from Okawaru
 17804 | Lair:6   | Killed Patchouli's ghost
 18151 | Lair:6   | Identified the Compendium of Slavery and Black Rituals
 18183 | Lair:6   | Learned a level 1 spell: Summon Butterflies
 18784 | D:13     | Reached skill level 17 in Unarmed Combat
 19204 | D:13     | Received a gift from Okawaru
 19263 | D:13     | Found a gate to the Vaults.
 19664 | D:14     | Reached skill level 1 in Invocations
 19928 | D:14     | Gained mutation: Your system is resistant to poisons. (rPois) [potion of beneficial mutation]
 19943 | D:14     | Reached XP level 15. HP: 141/141 MP: 19/19
 20034 | D:14     | Reached skill level 1 in Evocations
 20070 | D:14     | Noticed Urug
 20089 | D:14     | Killed Urug
 20452 | D:15     | Entered Level 15 of the Dungeon
 20775 | D:15     | Found a staircase to the Depths.
 20819 | D:15     | Noticed Agnes
 20856 | D:15     | Killed Agnes
 21000 | D:15     | Noticed Nessos
 21012 | D:15     | Found a shadowy altar of Dithmenos.
 21017 | D:15     | Killed Nessos
 21117 | D:15     | Reached skill level 18 in Unarmed Combat
 21609 | Snake:1  | Entered Level 1 of the Snake Pit
 21739 | Snake:1  | Received a gift from Okawaru
 21908 | Snake:1  | Noticed Frances
 21945 | Snake:1  | Killed Frances
 22216 | Snake:1  | Noticed Donald
 22232 | Snake:1  | Killed Donald
 22744 | Snake:1  | Noticed Roxanne
 22928 | Snake:1  | Reached skill level 19 in Unarmed Combat
 23051 | Snake:1  | Killed Roxanne
 23169 | Snake:1  | Noticed a nagaraja
 23188 | Snake:1  | Killed a nagaraja
 23188 | Snake:1  | Received a gift from Okawaru
 23348 | Snake:2  | Reached XP level 16. HP: 81/149 MP: 20/20
 23944 | Snake:2  | Received a gift from Okawaru
 23950 | Snake:2  | Got slimy fire dragon scales {god gift}
 24036 | Snake:2  | Identified the +2 fire dragon scales "Dimpo" {rF++ rC- rN+ SInv} (Okawaru gifted it to you on level 2 of the Snake Pit)
 25270 | Snake:3  | Reached skill level 5 in Spellcasting
 25705 | Snake:3  | Received a gift from Okawaru
 25799 | Snake:3  | Noticed Aizul
 25824 | Snake:3  | Killed Aizul
 26382 | Snake:3  | Learned a level 6 spell: Statue Form
 26384 | Snake:3  | Learned a level 1 spell: Confusing Touch
 26385 | Snake:4  | Entered Level 4 of the Snake Pit
 26997 | Snake:4  | Reached XP level 17. HP: 157/158 MP: 18/25
 27847 | Snake:4  | Learned a level 1 spell: Animate Skeleton
 28045 | Snake:4  | Reached skill level 1 in Summonings
 28048 | Snake:4  | Received a gift from Okawaru
 28088 | Snake:4  | Reached skill level 1 in Hexes
 28088 | Snake:4  | Reached skill level 1 in Earth Magic
 28166 | Snake:4  | Reached skill level 1 in Charms
 28235 | Snake:4  | Reached skill level 1 in Necromancy
 28660 | Snake:4  | Received a gift from Okawaru
 28718 | Snake:4  | HP: 7/161 [lindwurm/blast of flame (15)]
 29251 | Snake:4  | Received a gift from Okawaru
 29580 | Snake:4  | Received a gift from Okawaru
 29580 | Snake:4  | Reached skill level 5 in Transmutations
 29626 | Snake:4  | Got a serpentine rune of Zot
 30190 | Orc:2    | Killed Rupert
 30262 | Orc:2    | Found a roughly hewn altar of Beogh.
 30263 | Orc:2    | Found Meinn's Distillery.
 30690 | Orc:2    | Found a roughly hewn altar of Beogh.
 31177 | Orc:2    | Found a roughly hewn altar of Beogh.
 31178 | Orc:2    | Found Guoteschoq's Distillery.
 31215 | Orc:2    | Found a roughly hewn altar of Beogh.
 31476 | Orc:2    | Reached XP level 18. HP: 170/170 MP: 26/26
 31596 | Orc:2    | Reached skill level 10 in Shields
 31707 | Orc:2    | Found Vedyuroxt's Antique Weapon Shop.
 31708 | Orc:2    | Found a roughly hewn altar of Beogh.
 31712 | Orc:2    | Found Xasisch's Antique Armour Boutique.
 31825 | Elf:1    | Entered Level 1 of the Elven Halls
 31969 | Elf:1    | Found a magical portal.
 31974 | WizLab   | Entered The Chambers of the Cloud Mage
 32530 | WizLab   | Noticed Qyven
 32736 | WizLab   | Killed from afar by Qyven the Cloud Mage

Skill      XL: |  1  2  3  4  5  6  7  8  9 10 11 12 13 14 15 16 17 18 |
---------------+-------------------------------------------------------+-----
Unarmed Combat | 1 3 4 6 8 9 11 13 15 16 17 19 | 19.8
Fighting       | 1 2 3 4 5 7 8 |  8.8
Conjurations   | 1 2 4 |  4.0
Translocations | 1 2 |  2.4
Poison Magic   | 2 3 |  3.5
Air Magic      | 2 |  2.0
Spellcasting   | 3 6 |  6.2
Fire Magic     | 1 2 |  2.3
Transmutations | 1 4 5 |  5.1
Armour         | 5 8 9 |  9.0
Shields        | 7 9 10 | 10.9
Invocations    | 1 3 |  3.6
Evocations     | 3 |  3.0
Dodging        | 2 3 |  3.3
Summonings     | 2 |  2.7
Hexes          | 2 |  2.4
Earth Magic    | 3 |  3.8
Charms         | 2 |  2.2
Necromancy     | 2 |  2.4
Stealth        | |  1.0

Action                   |  1- 3 |  4- 6 |  7- 9 | 10-12 | 13-15 | 16-18 || total
-------------------------+-------+-------+-------+-------+-------+-------++-------
Melee: Unarmed           |    69 |   207 |   362 |   857 |  1363 |  1522 ||  4380
       Punch             |     1 |     3 |     8 |    41 |    16 |       ||    69
       Falchion          |       |       |       |       |    20 |    30 ||    50
 Fire: Blowgun           |       |       |       |       |       |     1 ||     1
Throw: Tomahawk          |       |       |     2 |       |       |       ||     2
       Large rock        |       |       |       |    14 |    12 |    14 ||    40
 Cast: Repel Missiles    |     2 |     3 |     3 |     6 |    11 |    28 ||    53
       Mephitic Cloud    |       |     3 |     5 |    52 |    42 |    26 ||   128
       Blink             |       |       |     1 |    26 |    17 |    19 ||    63
       Magic Dart        |       |       |     7 |     5 |       |     1 ||    13
       Conjure Flame     |       |       |     1 |     6 |    33 |    43 ||    83
       Spider Form       |       |       |       |     4 |     2 |       ||     6
Invok: Heroism           |       |       |       |       |     1 |     2 ||     3
Evoke: Wand              |       |       |       |    13 |     2 |     7 ||    22
  Use: Scroll            |       |       |       |    15 |    21 |     9 ||    45
       Potion            |       |       |       |     2 |     2 |     8 ||    12
 Stab: Sleeping          |     1 |       |       |     1 |     2 |     1 ||     5
       Confused          |       |       |     4 |    25 |     4 |     3 ||    36
       Paralysed         |       |       |       |     1 |       |     3 ||     4
       Distracted        |       |       |       |       |       |     2 ||     2
  Eat: Chunk             |    16 |    20 |    26 |    61 |   119 |    84 ||   326
       Fruit             |       |       |       |       |       |     3 ||     3
       Meat ration       |       |       |       |       |       |     1 ||     1
Armor: Robe              |    16 |    54 |   110 |    35 |       |       ||   215
       Skin              |       |       |       |     3 |    23 |       ||    26
       Quicksilver drago |       |       |       |   253 |   383 |   358 ||   994
Dodge: Dodged            |    32 |    85 |   146 |   277 |   279 |   308 ||  1127
       Deflected         |     1 |     6 |     4 |    20 |    29 |    56 ||   116
Block: Other             |       |       |     7 |   127 |    21 |       ||   155
       Reflection        |       |       |       |     6 |    71 |   103 ||   180
       Shield            |       |       |       |       |   580 |   950 ||  1530
       Large shield      |       |       |       |       |       |    12 ||    12
       Rpst.: Falchion   |       |       |       |       |     1 |     5 ||     6
